AoeStats
← Kez

Fortress

509329808Analyzed
3v3 RM · 6d ago on Sep 26, 2026· 43m 3s· 6 players
Game mode
Random Map
Map size
Large (8 player)
Population
200
Speed
Normal
Resources
Standard
Victory
Conquest
Starting age
Dark Age
Ending age
Imperial Age
RankedLock teamsTeams togetherTeam positionsShared explorationLock speedFull tech treeHidden civsTurbo modeCheats
Victory
Defeat
🇳🇱 Khmer · Netherlands
1218
+14
🇮🇪 Saracens · Ireland
1177
+16
🇹🇷 Burgundians · Türkiye
1158
+17
🇦🇺 Tupi · Australia
1186
-16
🇺🇸 Vietnamese · United States
1185
-16
🇦🇺 Dravidians · Australia
1156
-15
CorumluTony
5:35 Feudal Age
4:22 Double-Bit Axe
5:32 Horse Collar
6:51 Bow Saw
6:46 Heavy Plow
11:42 Loom
14:15 Castle Age
12:29 Gold Mining
13:30 Scale Barding Armor
14:20 Forging
15:19 Husbandry
15:27 Burgundian Vineyards
16:23 Chain Barding Armor
18:57 Iron Casting
23:14 Wheelbarrow
25:52 Imperial Age
23:15 Town Watch
24:05 Fletching
25:07 Padded Archer Armor
25:43 Hand Cart
26:56 Two-Man Saw
27:38 Chemistry
27:21 Plate Barding Armor
27:24 Conscription
28:57 Blast Furnace
29:23 Ballistics
29:57 Stone Mining
30:37 Elite Coustillier
32:18 Masonry
32:19 Fortified Wall
32:26 Leather Archer Armor
32:07 Bodkin Arrow
32:49 Crop Rotation
32:01 Cavalier
33:03 Paladin
34:11 Elite Skirmisher
35:21 Town Patrol
34:46 Light Cavalry
36:54 Gold Shaft Mining
36:54 Stone Shaft Mining
39:32 Bracer
39:33 Scale Mail Armor
38:56 Hussar
Kez
7:19 Feudal Age
10:42 Castle Age
8:43 Double-Bit Axe
10:42 Bloodlines
12:50 Horse Collar
19:50 Wheelbarrow
19:05 Loom
24:37 Imperial Age
22:07 Gold Mining
23:04 Bow Saw
26:10 Cavalier
26:51 Husbandry
27:26 Devotion
29:23 Hand Cart
28:53 Town Watch
29:55 Conscription
29:25 Light Cavalry
30:16 Scale Barding Armor
31:53 Chain Barding Armor
32:40 Forging
32:47 Elite Battle Elephant
34:58 Fletching
35:32 Ballistics
38:03 Chemistry
36:36 Heavy Scorpion
39:30 Plate Barding Armor
39:49 Iron Casting
42:07 Siege Engineers
TheBlackStuff
7:50 Feudal Age
8:11 Horse Collar
8:18 Double-Bit Axe
15:01 Castle Age
13:07 Gold Mining
15:38 Wheelbarrow
16:00 Heavy Plow
18:56 Gold Shaft Mining
18:42 Bow Saw
19:23 Hand Cart
22:14 Loom
23:07 Fortified Wall
28:01 Imperial Age
26:09 Town Watch
26:54 Padded Archer Armor
26:57 Pikeman
29:43 Chemistry
28:50 Scale Mail Armor
29:01 Forging
29:27 Bimaristan
31:27 Two-Man Saw
31:03 Town Patrol
31:50 Siege Engineers
32:43 Leather Archer Armor
34:52 Squires
35:29 Iron Casting
35:11 Chain Mail Armor
41:00 Ring Archer Armor
40:23 Stone Mining
41:36 Counterweights
kochie
9:26 Feudal Age
13:30 Castle Age
11:23 Double-Bit Axe
16:28 Bow Saw
16:33 Horse Collar
19:05 Loom
21:24 Medical Corps
27:06 Heavy Plow
28:11 Husbandry
31:27 Imperial Age
30:57 Wheelbarrow
30:22 Elite Skirmisher
31:27 Thumb Ring
31:25 Gold Mining
32:11 Elite Elephant Archer
34:55 Chemistry
34:03 Fletching
35:18 Fortified Wall
41:06 Bodkin Arrow
jmsalamy
6:38 Feudal Age
7:11 Double-Bit Axe
12:38 Castle Age
10:44 Horse Collar
13:44 Bow Saw
13:37 Heavy Plow
14:22 Loom
15:14 Wheelbarrow
19:43 Scale Mail Armor
20:39 Chain Mail Armor
21:26 Squires
22:47 Hand Cart
22:18 Town Watch
22:40 Gold Mining
27:15 Imperial Age
26:06 Padded Archer Armor
26:03 Fletching
25:49 Pikeman
27:06 Leather Archer Armor
27:49 Bodkin Arrow
27:56 Elite Rattan Archer
29:28 Bracer
30:19 Ring Archer Armor
30:20 Ballistics
32:52 Chemistry
31:56 Stone Mining
32:29 Paper Money
33:36 Elite Fire Lancer
37:30 Plate Mail Armor
Timmsyy
8:28 Feudal Age
12:24 Castle Age
10:48 Double-Bit Axe
10:55 Gold Mining
10:49 Horse Collar
13:21 Bow Saw
14:04 Loom
24:57 Stone Mining
29:03 Wheelbarrow
28:05 Pikeman
29:16 Sanctity
32:08 Imperial Age
30:09 Scale Mail Armor
31:12 Chain Mail Armor
31:57 Squires
33:05 Halberdier
34:01 Chain Mail Armor
33:37 Fletching
34:16 Conscription
35:15 Capped Ram
36:37 Elite Blackwood Archer
38:34 Heavy Plow
39:11 Gold Shaft Mining
38:56 Bodkin Arrow
40:18 Plate Mail Armor
40:32 Bracer
Connection lost

Rejoining the realm…

Still unreachable

The connection could not be restored.

Session expired

The server has moved on; the page needs a fresh start.